 Dungeon Sprint DCSS version 0.29.1-12-g30fa7ad0bf (webtiles) character file.

Game seed: 7245257630389033662

72 Groucho the Sneak (level 4, -2/28 HPs)
             Began as an Octopode Transmuter on Dec 17, 2022.
             Drowned by a water elemental (7 damage)
             ... in the Dungeon (Sprint III: "The Ten Rune Challenge").
             The game lasted 00:02:15 (596 turns).

Groucho the Sneak (Octopode Transmuter)              Turns: 596, Time: 00:02:16

Health: -2/28      AC:  2    Str: 13    XL:     4   Next: 26%
Magic:  8/10       EV: 19    Int: 16    God:
Gold:   43         SH:  0    Dex: 16    Spells: 1/11 levels left

rFire   . . .      SeeInvis .     - Unarmed
rCold   . . .      Faith    .   (shield currently unavailable)
rNeg    . . .      Spirit   .   (helmet currently unavailable)
rPois   x          Reflect  .   (no amulet)
rElec   .          Harm     .   (no ring)
rCorr   .          Rampage  .   (no ring)
Will    .....      NoTele   +   (no ring)
Stlth   +++.......              (no ring)
HPRegen 0.09/turn               (no ring)
MPRegen 0.12/turn               (no ring)
                                (no ring)
                                (no ring)

@: spider-form, engulfed (cannot breathe), unable to read, unable to drink
A: venomous fangs, almost no armour, (amphibious), 8 rings, tiny, (camouflage
1), (gelatinous body 1), (nimble swimmer 1), (tentacles), (tentacle spike 1),
strong 1, inability to drink after injury 1, inability to read after injury 1
a: End Transformation


You were in the Dungeon.
You were a venomous arachnid creature.
You visited 1 branch You collected 43 gold pieces.

Inventory:

Scrolls
 g - a scroll of blinking
 k - a scroll of poison {unknown}
 l - 4 scrolls of identify
 n - a scroll of torment {unknown}
Potions
 a - a potion of lignification
 b - a potion of curing
 c - a potion of heal wounds
 d - a potion of haste
 e - 2 potions of magic
 f - a potion of berserk rage
 h - a potion of degeneration {unknown}
 i - a potion of invisibility {unknown}
 j - 3 potions of mutation
 m - 3 potions of flight


   Skills:
 - Level 1.0 Fighting
 - Level 2.0 Dodging
 + Level 5.4 Stealth
 + Level 4.9 Unarmed Combat
 + Level 4.0 Spellcasting
 + Level 4.3 Transmutations


You had one spell level left.
You knew the following spells:

 Your Spells              Type           Power      Damage    Failure   Level
a - Beastly Appendage     Tmut           34%        N/A       10%         1
b - Spider Form           Tmut/Pois      10%        N/A       41%         3
c - Wereblood             Tmut           17%        N/A       13%         2
d - Ice Form              Ice/Tmut       10%        N/A       77%         4

Your spell library contained the following spells:

 Spells                   Type           Power      Damage    Failure   Level


Dungeon Overview and Level Annotations

Branches:
Dungeon (1/1)

Altars:


Innate Abilities, Weirdness & Mutations

You are a venomous arachnid creature.
You have poisonous fangs.
You are tiny and dextrous.
Your spellcasting is less reliable in this form.
Your armour is entirely melded.
You are incapable of wielding weapons or throwing items.
You cannot wear most types of armour.
((You are amphibious.))
You can wear up to eight rings at the same time.
((Your skin changes colour to match your surroundings (Stealth+).))
((Your rubbery body absorbs attacks. (AC +1, EV +1)))
((You are camouflaged when in or above water. (Stealth+)))
((You have tentacles for arms and can constrict up to eight enemies at once.))
((One of your tentacles bears a spike.))
Your muscles are strong. (Str +4, Int/Dex -1)
You occasionally lose the ability to drink potions when taking damage.
You occasionally lose the ability to read scrolls when taking damage.


Message History

Okay, then.
Casting: Beastly Appendage (safe; 2% risk of failure)
Confirm with . or Enter, or press ? or * to list all spells.
The spell is quite dangerous to miscast (21% risk of failure)!
Continue anyway?
You turn into a venomous arachnid creature.
You open the door.
A water elemental comes into view.
There is an open door to the Ecumenical Temple here.
The helpless water elemental fails to defend itself.
You hit the water elemental.
The water elemental is moderately damaged.
The water elemental barely misses you.
You hit the water elemental.
The water elemental is moderately damaged.
The water elemental misses you.
You hit the water elemental but do no damage.
The water elemental is moderately damaged.
The water elemental hits you!
You hit the water elemental but do no damage.
The water elemental is moderately damaged.
The water elemental hits you.
The water elemental engulfs you in water!
You bite the water elemental!
The water elemental is severely damaged.
Your lungs strain for air!
The water elemental closely misses you.
You hit the water elemental.
The water elemental is severely damaged.
You feel threatened and lose the ability to drink potions!
Your lungs strain for air!
The water elemental misses you.
You hit the water elemental.
The water elemental is almost destroyed.
You feel threatened and lose the ability to read scrolls!
* * * LOW HITPOINT WARNING * * *
Your lungs strain for air!
The water elemental barely misses you.
You hit the water elemental.
The water elemental is almost destroyed.
You die...

▓▓▓▓▓▓ ▓▓▓ .#...####
##.# .#......#####..#
##...†...#..#..#
.##.##...#..#..###+#+###
.##.###..##'#..#........
####.##..###.†.'.⌠......
##..##..####...#s..####
....##..###....#.E.#
#..##)..##.....#...#
..##....#......#+###
.###..##)#.....# .#
#..#####....# ▓▓ ▓▓▓▓
▓▓▓▓▓▓


You could see a water elemental.

Vanquished Creatures
  Jessica (D)
  Crazy Yiuf (D)
  A human (D)
  2 endoplasms (D)
  A rat (D)
6 creatures vanquished.

Notes
Turn   | Place    | Note
-------+----------+-------------------------------------------
     0 | D        | Groucho the Octopode Transmuter began the quest for the
                  | Orb.
     0 | D        | Reached XP level 1. HP: 13/13 MP: 3/3
    13 | D        | Reached skill level 1 in Stealth
   199 | D        | Noticed Jessica
   204 | D        | Killed Jessica
   205 | D        | Reached skill level 4 in Stealth
   205 | D        | Reached XP level 2. HP: 18/18 MP: 4/6
   205 | D        | Reached XP level 3. HP: 23/23 MP: 4/7
   238 | D        | Noticed Crazy Yiuf
   247 | D        | Killed Crazy Yiuf
   534 | D        | Reached skill level 5 in Stealth
   534 | D        | Reached XP level 4. HP: 23/28 MP: 10/10
   561 | D        | Gained mutation: You occasionally lose the ability to read
                  | scrolls when taking damage. [potion of mutation]
   561 | D        | Gained mutation: Your muscles are strong. (Str +4, Int/Dex
                  | -1) [potion of mutation]
   561 | D        | Gained mutation: You occasionally lose the ability to drink
                  | potions when taking damage. [potion of mutation]
   561 | D        | Gained mutation: One of your tentacles bears a spike.
                  | [potion of mutation]
   573 | D        | Learned a level 3 spell: Spider Form
   576 | D        | Learned a level 2 spell: Wereblood
   581 | D        | Learned a level 4 spell: Ice Form
   587 | D        | Noticed a water elemental
   596 | D        | Drowned by a water elemental

Illustrated notes

Levels and vault maps discovered:
D:        dungeon_sprint_mu [sprint_mu_entry_cave, sprint_mu_temple_rooms,
          sprint_mu_d1_horrors, sprint_mu_d2_genie, sprint_mu_d3_branching,
          sprint_mu_orc_legion, sprint_mu_elf_gauntlet, sprint_mu_hive_nellie,
          sprint_mu_lair_fedhas, sprint_mu_vaults_butterflies,
          sprint_mu_slime_circle, sprint_mu_swamp_cave, sprint_mu_shoals_archi,
          sprint_mu_blade_basic, sprint_mu_crypt_lich, sprint_mu_tomb_spiral,
          sprint_mu_vestibule_basic, sprint_mu_gehenna_hellfire,
          sprint_mu_dis_giant, sprint_mu_tartarus_statrot,
          sprint_mu_cocytus_islands, sprint_mu_zot1]

Skill      XL: |  1  2  3 |
---------------+----------+-----
Stealth        | 4 5 |  5.4
Unarmed Combat | 4 |  4.9
Spellcasting   | 3 4 |  4.0
Transmutations | 3 4 |  4.3
Fighting       | |  1.0
Dodging        | |  2.0

Action                   |  1- 3 |  4- 6 || total
-------------------------+-------+-------++-------
Melee: Unarmed           |    21 |     8 ||    29
       Kick              |     9 |       ||     9
       Tentacles         |     4 |       ||     4
       Constrict         |     3 |       ||     3
       Punch             |     1 |       ||     1
 Cast: Beastly Appendage |     4 |       ||     4
       Spider Form       |       |     1 ||     1
  Use: Potion            |       |     1 ||     1
 Stab: Sleeping          |     5 |     1 ||     6
Armor: Skin              |     1 |     1 ||     2
Dodge: Dodged            |     9 |     5 ||    14
